 Dungeon Crawl Stone Soup version 0.20.0-15-g7f486f2 (webtiles) character file.

3178 Chiseanne the Fighter (level 9, -6/74 HPs)
             Began as a Demonspawn Wanderer on June 29, 2017.
             Was an Initiate of Gozag.
             Killed from afar by a wizard (31 damage)
             ... with a bolt of lightning
             ... on level 7 of the Dungeon.
             The game lasted 00:13:17 (8351 turns).

Chiseanne the Fighter (Demonspawn Wanderer)         Turns: 8351, Time: 00:13:18

Health: -6/74      AC:  4    Str: 10    XL:     9   Next: 63%
Magic:  9/9        EV: 19    Int: 13    God:    Gozag
Gold:   397        SH:  0    Dex: 17    Spells: 8/8 levels left

rFire    + . .     SeeInvis .   a - +2 spear (venom)
rCold    . . .     Gourm    .   (no shield)
rNeg     . . .     Faith    .   u - +1 leather armour {MR+}
rPois    .         Spirit   .   (no helmet)
rElec    .         Reflect  .   t - +0 cloak
rCorr    .         Harm     .   (no gloves)
MR       +....                  (no boots)
Stlth    +.........             (no amulet)
Regen    0.3/turn               (no ring)
MPRegen  0.2/turn               (no ring)

@: no status effects
A: talons 1, repulsion field 2, deformed body, fire resistance 1, powered by
death 1, weak 1
a: Potion Petition, Call Merchant, Bribe Branch, Renounce Religion


You were on level 7 of the Dungeon.
You worshipped Gozag.
Gozag was aware of your devotion.
You were full.

You visited 1 branch of the dungeon, and saw 7 of its levels.
You also visited: Sewer.

You collected 958 gold pieces.
You spent 500 gold pieces at shops.
You paid 61 gold pieces to Gozag.

Inventory:

Hand Weapons
 a - a +2 spear of venom (weapon)
 s - a +4 quarterstaff of draining
 w - a +2 shortbow
 K - the +1 falchion of Patience {flame, SInv}
   (You found it on level 7 of the Dungeon)

   It has been specially enchanted to burn those struck by it, causing extra
   injury to most foes and up to half again as much damage against particularly
   susceptible opponents.
   Big, fiery blades are also staple armaments of hydra-hunters.
   It lets you see invisible.
 L - a +1 trident of protection
Missiles
 b - 160 arrows
 g - 247 stones (quivered)
 i - 63 bolts
 n - 48 sling bullets
 x - 8 tomahawks
 y - 5 javelins
 I - a throwing net
Armour
 t - a +0 cloak (worn)
 u - a +1 leather armour of magic resistance (worn)
Jewellery
 m - an uncursed ring of protection from magic {unknown}
 v - a +2 ring of slaying {unknown}
Wands
 e - a wand of iceblast (5/15)
 p - a wand of acid (0/15)
 F - a wand of flame (38/48)
Scrolls
 k - 4 scrolls of recharging
 r - 3 scrolls of amnesia
 G - 2 scrolls of fear
 M - a scroll of teleportation
Potions
 c - 3 potions of curing
 d - 2 potions of lignification
 j - 3 potions of brilliance {unknown}
 l - 5 potions of magic {unknown}
 o - 5 potions of flight
 q - 2 potions of ambrosia {unknown}
 z - a potion of resistance {unknown}
 A - a potion of heal wounds
 B - a potion of agility
 C - a potion of invisibility
 D - 3 potions of mutation
 E - 3 potions of might
 H - a potion of haste {unknown}
Comestibles
 f - 3 bread rations
 h - 4 meat rations


   Skills:
 * Level 8.2 Fighting
 - Level 1.0 Long Blades
 - Level 1.7 Bows
 * Level 7.2 Armour
 * Level 7.4 Dodging
   Level 1.0 Shields
 - Level 1.0 Evocations


You had 8 spell levels left.
You didn't know any spells.

Dungeon Overview and Level Annotations

Branches:
Dungeon (7/15)             Temple (0/1) D:5

Altars:
Ashenzari
Gozag
Trog
Vehumet
Xom
Zin

Shops:
D:6 !


Innate Abilities, Weirdness & Mutations

You have sharp toenails.
You are surrounded by a moderate repulsion field. (EV +3)
Your flesh is heat resistant. (rF+)
You regenerate a little health from kills.
Armour fits poorly on your strangely shaped body.
You are weak. (Str -2)


Message History

You hit the orc sorcerer.
You kill the orc sorcerer!
The neqoxec disappears in a puff of smoke!
The crimson imp disappears in a puff of smoke! x2
Your life force feels restored.
Your Fighting skill increases to level 8!
Your Armour skill increases to level 7!
You now have 397 gold pieces (gained 6).
Things that are here:
a dagger; a robe A wizard comes into view.
It is wielding a dagger of venom.
The wizard shouts!
Things that are here:
a dagger; a robe
Things that are here:
a dagger; a robe The wizard gestures at you while chanting.
The bolt of lightning hits you!
You die...
Your body crumbles into a pile of gold.

#### #[#####..#......
... #.# #..........
#.##.# #..#......≈
#..#)# ##..##.....
##.)<###..##..###.≈# $
### ###.#......>.......
##8###8#.........##...≈
$ ##...........#..###
#. ≈
#8........##..<@###
##........###.....#
#..p##8#......##.....
##...####p###### ###...
#⌠.).⌠# #.# ..
##.).####.# #..)##8#.#
#......p.# #8........#


You could see a wizard.

Vanquished Creatures
  Pikel (D:7)
  An orc sorcerer (D:7)
  A gargoyle (D:6)
  Duvessa (D:7)
  A slave (D:7)
  An orc warrior (D:7)
  2 black bears
  A necrophage (D:7)
  2 ogres (D:4)
  2 centaurs
  3 bullfrogs
  Dowan (D:7)
  2 scorpions
  3 crimson imps
  A bullfrog zombie (D:6)
  2 orc priests
  A bullfrog skeleton (D:6)
  7 orc wizards
  Crazy Yiuf (D:4)
  4 iguanas
  4 worker ants
  9 adders
  3 gnolls (D:6)
  2 river rats (Sewer)
  A shadow imp (D:5)
  2 oozes
  A worm (D:6)
  A dart slug (D:3)
  3 leopard geckos
  29 orcs
  3 giant cockroaches
  8 hobgoblins
  7 jackals
  3 quokkas
  8 ball pythons
  16 bats
  12 frilled lizards
  6 goblins
  A jackal skeleton (D:6)
  10 kobolds
  A leopard gecko skeleton (D:6)
  A quokka skeleton (D:4)
  15 rats
  A fungus (D:4)
185 creatures vanquished.

Vanquished Creatures (others)
  2 slaves (D:7)
  2 kobolds (D:7)
4 creatures vanquished.

Grand Total: 189 creatures vanquished

Notes
Turn   | Place    | Note
-------+----------+-------------------------------------------
     0 | D:1      | Chiseanne the Demonspawn Wanderer began the quest for the Orb.
     0 | D:1      | Chiseanne set off with: a +2 shortbow, 22 arrows, a potion of curing, a +0 falchion, a +0 robe, a bread ration
     0 | D:1      | Reached XP level 1. HP: 15/15 MP: 1/1
   120 | D:1      | Gained mutation: You are surrounded by a mild repulsion field. (EV +2) [demonic ancestry]
   120 | D:1      | Reached XP level 2. HP: 4/22 MP: 2/2
   734 | D:1      | Reached skill level 2 in Fighting
  1326 | D:1      | Gained mutation: You are surrounded by a moderate repulsion field. (EV +3) [demonic ancestry]
  1326 | D:1      | Reached XP level 3. HP: 19/27 MP: 3/3
  2693 | D:2      | Reached skill level 3 in Fighting
  2732 | D:2      | Found a faded altar of an unknown god.
  2778 | D:2      | Gained mutation: You have sharp toenails. [demonic ancestry]
  2778 | D:2      | Reached XP level 4. HP: 31/35 MP: 4/4
  2786 | D:2      | Found a bloodstained altar of Trog.
  2867 | D:2      | Found a glowing silver altar of Zin.
  2873 | D:2      | Found a shattered altar of Ashenzari.
  2878 | D:2      | Found a radiant altar of Vehumet.
  3921 | D:3      | Reached XP level 5. HP: 41/41 MP: 5/5
  4309 | D:4      | Found a runed door.
  4319 | D:4      | Noticed Crazy Yiuf
  4321 | D:4      | Killed Crazy Yiuf
  4439 | D:4      | Found an opulent altar of Gozag.
  4439 | D:4      | Noticed an ogre
  4454 | D:4      | Killed an ogre
  4454 | D:4      | Reached skill level 4 in Fighting
  4454 | D:4      | Gained mutation: You regenerate a little health from kills. [demonic ancestry]
  4454 | D:4      | Reached XP level 6. HP: 22/48 MP: 6/6
  4658 | D:4      | Became a worshipper of Gozag Ym Sagoz the Greedy
  5340 | D:4      | Reached XP level 7. HP: 32/55 MP: 7/7
  5470 | D:5      | Entered Level 5 of the Dungeon
  5474 | D:5      | Found a staircase to the Ecumenical Temple.
  5481 | D:5      | Reached skill level 5 in Fighting
  5864 | D:5      | Found a shimmering altar of Xom.
  6273 | D:6      | Noticed a gargoyle
  6281 | D:6      | Killed a gargoyle
  6281 | D:6      | Reached skill level 6 in Fighting
  6281 | D:6      | Reached skill level 5 in Armour
  6281 | D:6      | Reached skill level 5 in Dodging
  6281 | D:6      | Reached XP level 8. HP: 61/64 MP: 8/8
  6410 | D:6      | Found Suof's Distillery.
  6413 | D:6      | Bought a potion of heal wounds for 50 gold pieces
  6413 | D:6      | Bought a potion of agility for 40 gold pieces
  6413 | D:6      | Bought a potion of invisibility for 80 gold pieces
  6413 | D:6      | Bought 2 potions of flight for 60 gold pieces
  6413 | D:6      | Bought 2 potions of mutation for 160 gold pieces
  6413 | D:6      | Bought a potion of might for 40 gold pieces
  6413 | D:6      | Bought a potion of lignification for 30 gold pieces
  6413 | D:6      | Bought a potion of curing for 30 gold pieces
  6413 | D:6      | Bought a potion of degeneration for 10 gold pieces
  6476 | D:6      | Found a radiant altar of Vehumet.
  6704 | D:6      | Found a glowing drain.
  6743 | Sewer    | Entered a sewer
  7764 | D:7      | Noticed Duvessa
  7765 | D:7      | Noticed Dowan
  7779 | D:7      | Killed Duvessa
  7779 | D:7      | Reached skill level 7 in Fighting
  7791 | D:7      | Gained mutation: Your flesh is heat resistant. (rF+) [demonic ancestry]
  7791 | D:7      | Reached XP level 9. HP: 57/72 MP: 9/9
  7798 | D:7      | Killed Dowan
  7886 | D:7      | Noticed Pikel
  7911 | D:7      | Killed Pikel
  7930 | D:7      | Got a jewelled falchion
  8154 | D:7      | Identified the +1 falchion of Patience {flame, SInv} (You found it on level 7 of the Dungeon)
  8273 | D:7      | Noticed an orc sorcerer
  8281 | D:7      | Gained mutation: Armour fits poorly on your strangely shaped body. [a neqoxec]
  8283 | D:7      | Gained mutation: You are weak. (Str -2) [a neqoxec]
  8287 | D:7      | Killed an orc sorcerer
  8287 | D:7      | Reached skill level 8 in Fighting
  8333 | D:7      | Noticed a wizard
  8351 | D:7      | Killed from afar by a wizard

Skill      XL: |  1  2  3  4  5  6  7  8  9 |
---------------+----------------------------+-----
Fighting       | 2 3 4 6 7 8 |  8.2
Dodging        | 2 3 4 5 6 7 |  7.4
Armour         | 3 4 5 6 7 |  7.2
Long Blades    | |  1.0
Bows           | |  1.7
Shields        | |  1.0
Evocations     | |  1.0

Action                   |  1- 3 |  4- 6 |  7- 9 || total
-------------------------+-------+-------+-------++-------
Melee: Falchion          |   151 |    87 |       ||   238
       Kick              |       |    32 |    70 ||   102
       Quarterstaff      |       |    61 |   213 ||   274
       Spear             |       |       |   103 ||   103
Evoke: Wand              |       |     2 |     3 ||     5
  Use: Scroll            |       |    11 |     2 ||    13
 Stab: Sleeping          |     1 |     1 |     3 ||     5
       Paralysed         |       |     2 |     2 ||     4
       Distracted        |       |       |     3 ||     3
  Eat: Chunk             |     6 |     7 |       ||    13
       Bread ration      |       |     1 |     2 ||     3
       Fruit             |       |       |     2 ||     2
       Royal jelly       |       |       |     1 ||     1
Armor: Robe              |    30 |       |       ||    30
       Leather armour    |       |    14 |    86 ||   100
       Scale mail        |       |    13 |       ||    13
Dodge: Dodged            |   155 |   131 |   380 ||   666
       Rpst.: Falchion   |    48 |    31 |       ||    79
